 Dungeon Crawl Stone Soup version 0.32-a0-933-ga8fa3634e4 (webtiles) character file.

Game seed: 9221604311224805118

167 jasper the Chopper (level 5, -1/41 HPs)
             Began as a Ghoul Gladiator on Apr 14, 2024.
             Was an Initiate of Gozag.
             Incinerated by a bombardier beetle (3 damage)
             ... with a burning spray
             ... on level 3 of the Dungeon.
             The game lasted 00:04:37 (1585 turns).

jasper the Chopper (Ghoul Gladiator)                Turns: 1585, Time: 00:04:38

Health: -1/41      AC: 13    Str: 20    XL:     5   Next: 48%
Magic:  5/5        EV:  5    Int:  7    God:    Gozag
Gold:   160        SH:  0    Dex: 10    Spells: 4/4 levels left

rFire   . . .        a - +0 war axe
rCold   + . .        (no shield)
rNeg    + + +        q - +0 plate armour
rPois   ∞            c - +1 helmet
rElec   .            i - +0 cloak
rCorr   +            (no gloves)
SInv    .            (no boots)
Will    .....        (no amulet) Stlth
                     o - ring of resist corrosion
HPRegen 0.26/turn    (no ring)
MPRegen 0.09/turn

%: no passive effects
@: on fire, gold aura, glowing
A: claws 1, cold resistance 1, negative energy resistance 3, inhibited
regeneration, torment resistance 2, devour on kill
a: Renounce Religion, Potion Petition, Call Merchant, Bribe Branch


You were on level 3 of the Dungeon.
You worshipped Gozag.
Gozag was aware of your devotion.
You visited 1 branch of the dungeon, and saw 3 of its levels.

You collected 200 gold pieces.
You paid 40 gold pieces to Gozag.

Inventory:

Hand Weapons
 a - a +0 war axe (weapon)
 n - a +0 war axe
Missiles
 d - 6 throwing nets (quivered)
 e - a javelin
 s - a stone
Armour
 b - a +0 leather armour
 c - a +1 helmet (worn)
 i - a +0 cloak (worn)
 m - a +0 ring mail
 p - a +0 chain mail
 q - a +0 plate armour (worn)
Jewellery
 k - an amulet of magic regeneration
 o - a ring of resist corrosion (left claw)
Scrolls
 j - a scroll of teleportation
Potions
 f - a potion of berserk rage
 g - a potion of cancellation
 h - a potion of ambrosia
 l - a potion of haste {unknown}
 r - a potion of heal wounds {unknown}


   Skills:
 - Level 2.1 Fighting
 + Level 5.4 Axes
 - Level 1.7 Throwing
 - Level 2.6 Dodging


You had 4 spell levels left.
You didn't know any spells.
Your spell library contained the following spells:

 Spells                   Type           Power      Damage    Failure   Level
 Malign Gateway           Summ/Tloc      0%         N/A       100%        7
 Summon Horrible Things   Summ           0%         N/A       100%        8


Dungeon Overview and Level Annotations

Branches:
Dungeon (3/15)

Altars:
Gozag
Makhleb

Shops:
D:2 =


Innate Abilities, Weirdness & Mutations

You are immune to poison.
You have sharp fingernails.
Your flesh is cold resistant. (rC+)
You are immune to negative energy. (rN+++)
You do not regenerate when monsters are visible.
You are immune to unholy pain and torment.
You thrive by killing the living.


Message History

You completely miss the bush. The liquid fire burns you!
The bombardier beetle bites you.
You take 8 damage, and have 22/41 hp.
You hit the bombardier beetle but do no damage.
The bombardier beetle is heavily wounded.
You slash the bush! The liquid fire burns you!
The bombardier beetle bites you but does no damage.
You take 5 damage, and have 17/41 hp.
You slash the bombardier beetle!
You kill the bombardier beetle!
You hit the bush. The liquid fire burns you!
The goblin hits you but does no damage.
You take 2 damage, and have 15/41 hp.
You barely miss the goblin. You hit the bush. The liquid fire burns you!
* * * LOW HITPOINT WARNING * * *
The goblin hits you with a +0 club.
* * * LOW HITPOINT WARNING * * *
You take 6 damage, and have 9/41 hp.
You closely miss the goblin. You hit the bush. The liquid fire burns you!
* * * LOW HITPOINT WARNING * * *
The goblin is distracted by your dazzling golden aura.
You take 7 damage, and have 2/41 hp.
Okay, then.
The goblin shouts!
You hit the goblin.
You kill the goblin!
You feel better.
You hit the bush but do no damage. The liquid fire burns you!
* * * LOW HITPOINT WARNING * * *
You hear a shout!
An orc comes into view. It is wielding a +0 short sword.
You shake off some of the fire as you move.
The liquid fire burns you!
You die...
Your body crumbles into a pile of gold.

..........<....))#........#
...............).#........#
.................#........#
##........................#
#........................#
##...............P........#
.................P........#
##...............P.......
................@P$..?...
##.......................
.................$.......
.#..............._.......
.#>......................
.#.......................
.#...............P.......
.#...............P.......
.#.....>........o .......


There were no monsters in sight!

Vanquished Creatures
  A bombardier beetle (D:3)
  6 adders
  4 dart slugs
  2 ribbon worms
  5 orcs (D:3)
  7 endoplasms (D:1)
  2 giant cockroaches (D:1)
  6 hobgoblins
  2 jackals (D:1)
  5 kobolds
  3 quokkas
  3 ball pythons
  4 bats
  4 frilled lizards
  4 goblins
  4 rats
62 creatures vanquished.

Notes
Turn   | Place    | Note
-------+----------+-------------------------------------------
     0 | D:1      | jasper the Ghoul Gladiator began the quest for the Orb.
     0 | D:1      | Reached XP level 1. HP: 17/17 MP: 1/1
    49 | D:1      | Reached skill level 3 in Axes
    98 | D:1      | Reached XP level 2. HP: 18/24 MP: 2/2
   357 | D:1      | Reached XP level 3. HP: 28/29 MP: 3/3
   721 | D:1      | Reached skill level 4 in Axes
   849 | D:2      | Reached XP level 4. HP: 31/36 MP: 4/4
  1196 | D:2      | Found Inedarao's Jewellery Shoppe.
  1402 | D:3      | Found an opulent altar of Gozag.
  1417 | D:3      | Became a worshipper of Gozag Ym Sagoz the Greedy
  1472 | D:3      | Reached skill level 5 in Axes
  1506 | D:3      | Reached XP level 5. HP: 41/41 MP: 5/5
  1519 | D:3      | Found a burning altar of Makhleb.
  1583 | D:3      | HP: 2/41 [burnt (7)]
  1585 | D:3      | Incinerated by a bombardier beetle

Illustrated notes

Levels and vault maps discovered:
D:1:      nicolae_arrival_somewhat_less_tricky_arrival, layout_loops_ring,
          minmay_split_cup_large
D:2:      layout_basic, serial_shops, nicolae_shop_stone, minmay_ruptured
D:3:      layout_basic, mainiacjoe_overflow_small_starburst,
          vehumet_altar_wand_db, nicolae_uskayaw_suspiria,
          mainiacjoe_overflow_boulevard, serial_shops, nicolae_square_shop,
          minmay_distorted

Skill      XL: |  1  2  3  4 |
---------------+-------------+-----
Axes           | 3 4 5 |  5.4
Fighting       | |  2.1
Throwing       | |  1.7
Dodging        | |  2.6

Action                     |  1- 3 |  4- 6 || total
---------------------------+-------+-------++-------
  Melee: War axe           |    86 |    96 ||   182
    Use: Scroll            |     1 |     5 ||     6
 Armour: Leather armour    |    57 |       ||    57
         Ring mail         |    26 |    59 ||    85
         Plate armour      |       |    23 ||    23
  Dodge: Dodged            |    59 |    43 ||   102

Table legend: (Time is in decaauts)
 A = Elapsed time spent in this place.
 B = Non-inter-level travel time spent in this place.
 C = Inter-level travel time spent in this place.
 D = Time resting spent in this place.
 E = Time spent auto-exploring this place.
 F = Levels seen in this place.
 G = Mean time per level.
                   A        B        C        D        E       F      G
               +--------+--------+--------+--------+--------+-----+--------+
         Total |   1636 |   1603 |     33 |    147 |    855 |   3 |  545.3 |
       Dungeon |   1636 |   1603 |     33 |    147 |    855 |   3 |  545.3 |
               +--------+--------+--------+--------+--------+-----+--------+

Top non-repeatable levels by time:
     D:1: 816 daAuts
     D:2: 617 daAuts
     D:3: 202 daAuts
